[ AOE2 MATCH · #483569293 ]
1v1 RMFranks vs Slavs
Player's team · WIN
Rival team · LOSS
[ REPLAY ANALYSIS · EXTRACTED FROM THE RECORDED GAME ]
Feudal
9:16
Castle
—
Imperial
—
| APM avg | 45.9 |
| APM peak | 80 |
| eAPM avg | 14.6 |
| Villagers / military | 29 / 1 |
Focus
⚔️ 16.8% · 🌾 83.2%
Spearman ×1
Feudal
8:50
Castle
—
Imperial
—
| APM avg | 41.8 |
| APM peak | 73 |
| eAPM avg | 15.9 |
| Villagers / military | 24 / 5 |
Focus
⚔️ 41.9% · 🌾 58.1%
Scout Cavalry ×3 · Spearman ×2
Match map
Initial resources + every placement click. Lines = walls · curves = elevation contours. ◆ gold · ⬟ stone · ● berries · ✦ relic · ◌ wall gap
Your base
bambolotto527's base
Smoothed initial terrain · ◌ = detected wall gap · hover for details
Inputs per minute
— anton - - bambolotto527
Build order — anton
51 actions detected in the replay
| 0:00 | Create | Villager (Male) |
| 0:01 | Create | Villager (Male) |
| 0:02 | Build | House |
| 0:03 | Build | House |
| 0:11 | Create | Villager (Male) |
| 0:24 | Create | Villager (Male) |
| 1:09 | Create | Villager (Male) |
| 1:09 | Create | Villager (Male) |
| 1:10 | Create | Villager (Male) |
| 1:36 | Create | Villager (Male) |
| 1:36 | Create | Villager (Male) |
| 1:36 | Create | Villager (Male) |
| 2:15 | Build | Lumber Camp |
| 2:22 | Create | Villager (Male) |
| 2:22 | Create | Villager (Male) |
| 2:49 | Create | Villager (Male) |
| 2:50 | Create | Villager (Male) |
| 2:50 | Create | Villager (Male) |
| 2:50 | Create | Villager (Male) |
| 3:15 | Create | Villager (Male) |
| 3:48 | Build | House |
| 4:05 | Create | Villager (Male) |
| 4:05 | Create | Villager (Male) |
| 4:05 | Create | Villager (Male) |
| 4:06 | Create | Villager (Male) |
| 4:48 | Build | Mill |
| 5:13 | Create | Villager (Male) |
| 5:20 | Create | Villager (Male) |
| 5:20 | Create | Villager (Male) |
| 5:24 | Research | Loom |
| 6:49 | Research | Feudal Age |
| 7:39 | Build | House |
| 7:48 | Build | Palisade Wall |
| 8:15 | Create | Villager (Male) |
| 8:20 | Build | Barracks |
| 8:59 | Build | Palisade Wall |
| 9:02 | Build | Palisade Wall |
| 9:16 | Age | Feudal Age |
| 9:16 | Research | Double-Bit Axe |
| 9:17 | Research | Double-Bit Axe |
| 9:19 | Create | Villager (Male) |
| 9:25 | Build | Archery Range |
| 9:32 | Create | Spearman |
| 9:41 | Build | Palisade Wall |
| 9:44 | Create | Villager (Male) |
| 9:48 | Build | Palisade Wall |
| 9:57 | Build | Palisade Gate |
| 10:05 | Create | Villager (Male) |
| 10:10 | Build | Mining Camp |
| 10:14 | Build | Palisade Wall |
| 10:35 | Create | Villager (Male) |
Build order — bambolotto527
49 actions detected in the replay
| 0:00 | Create | Villager (Male) |
| 0:00 | Create | Villager (Male) |
| 0:01 | Create | Villager (Male) |
| 0:02 | Build | House |
| 0:05 | Build | House |
| 0:17 | Create | Villager (Male) |
| 1:22 | Create | Villager (Male) |
| 1:56 | Create | Villager (Male) |
| 2:18 | Create | Villager (Male) |
| 2:18 | Create | Villager (Male) |
| 2:33 | Build | Lumber Camp |
| 2:43 | Create | Villager (Male) |
| 2:44 | Create | Villager (Male) |
| 3:07 | Create | Villager (Male) |
| 3:07 | Create | Villager (Male) |
| 3:22 | Build | House |
| 3:34 | Create | Villager (Male) |
| 3:35 | Create | Villager (Male) |
| 4:00 | Create | Villager (Male) |
| 4:00 | Create | Villager (Male) |
| 4:26 | Create | Villager (Male) |
| 4:46 | Create | Villager (Male) |
| 5:35 | Build | Mill |
| 5:41 | Create | Villager (Male) |
| 5:41 | Create | Villager (Male) |
| 6:08 | Research | Loom |
| 6:38 | Research | Feudal Age |
| 7:01 | Build | Lumber Camp |
| 7:21 | Build | Barracks |
| 7:26 | Create | Villager (Male) |
| 7:30 | Build | Palisade Wall |
| 7:38 | Build | Palisade Wall |
| 7:46 | Build | House |
| 8:01 | Build | Palisade Wall |
| 8:50 | Age | Feudal Age |
| 8:52 | Create | Villager (Male) |
| 8:54 | Build | Stable |
| 9:00 | Research | Double-Bit Axe |
| 9:19 | Research | Horse Collar |
| 9:20 | Research | Horse Collar |
| 9:21 | Create | Villager (Male) |
| 9:25 | Create | Spearman |
| 9:36 | Create | Scout Cavalry |
| 9:36 | Create | Scout Cavalry |
| 9:44 | Build | Farm |
| 10:00 | Create | Villager (Male) |
| 10:06 | Create | Spearman |
| 10:11 | Build | Palisade Wall |
| 10:23 | Create | Scout Cavalry |
Match timeline
| 7:21 | bambolotto527 · first_building Barracks |
| 7:30 | bambolotto527 · wall_segment Palisade Wall x3 |
| 7:38 | bambolotto527 · wall_segment Palisade Wall x3 |
| 7:48 | anton · wall_segment Palisade Wall x1 |
| 8:01 | bambolotto527 · wall_segment Palisade Wall x1 |
| 8:20 | anton · first_building Barracks |
| 8:50 | bambolotto527 · age_up feudal |
| 8:54 | bambolotto527 · first_building Stable |
| 8:59 | anton · wall_segment Palisade Wall x4 |
| 9:02 | anton · wall_segment Palisade Wall x10 |
| 9:16 | anton · age_up feudal |
| 9:25 | anton · first_building Archery Range |
| 9:41 | anton · wall_segment Palisade Wall x5 |
| 9:48 | anton · wall_segment Palisade Wall x4 |
| 10:11 | bambolotto527 · wall_segment Palisade Wall x2 |
| 10:14 | anton · wall_segment Palisade Wall x8 |
| 10:35 | bambolotto527 · resign |
[ AI ANALYSIS · 1 CREDIT ]
What really happened in this match?
Wolo.gg analyzes every decision: build order, eco, micro, common mistakes by bracket. Personalized analysis on WhatsApp or Discord in 30 seconds.
Civ guide
Franks
Map guide
Arabia
Perfil
Jugador #18799568